 Dungeon Crawl Stone Soup version 0.21.0-3-g78d12a8 (webtiles) character file.

5817 komo4ek the Tainter (level 10, -16/70 HPs)
             Began as a Naga Venom Mage on Jan 12, 2018.
             Was a Priest of Vehumet.
             Killed by a distortion unwield (24 damage)
             ... on level 2 of the Abyss.
             The game lasted 00:56:09 (12032 turns).

komo4ek the Tainter (Naga Venom Mage)              Turns: 12032, Time: 00:56:10

Health: -16/70     AC:  8    Str: 12    XL:     10   Next: 79%
Magic:  4/21       EV: 12    Int: 18    God:    Vehumet [***...]
Gold:   304        SH:  0    Dex: 11    Spells: 8/24 levels left

rFire    . . .     SeeInvis +   (no weapon)
rCold    . . .     Gourm    .   (no shield)
rNeg     . . .     Faith    .   a - +0 robe
rPois    +         Spirit   .   F - +0 helmet
rElec    .         Reflect  .   p - +2 cloak of the Thief {+Fog Slay-2 SInv Stlth+}
rCorr    +         Harm     .   (no gloves)
MR       +....                  (no barding)
Stlth    +++.......             Q - amulet of magic regeneration
HPRegen  0.21/turn              o - +1 ring of evasion
MPRegen  0.42/turn              O - ring of resist corrosion

@: weakened, very slightly contaminated, very slow
A: large, see invisible, deformed body, [frail 2], poison resistance, slowness
2, slow metabolism 1, spit poison 1, [MP-powered wands], AC +3
a: Spit Poison, Renounce Religion, Evoke Fog


You were on level 2 of the Abyss.
You worshipped Vehumet.
Vehumet was most pleased with you.
You were hungry.

You visited 2 branches of the dungeon, and saw 10 of its levels.
You visited the Abyss 1 time.
You also visited: Ossuary.

You collected 304 gold pieces.

Inventory:

Hand Weapons
 h - a +0 hunting sling
 j - a +4 hunting sling
 r - a +2 quarterstaff of protection
 s - a +2 quarterstaff of chaos
 D - the +2 mace of Articulation {distort, rElec MR++ Str-4}
   (You found it on level 5 of the Dungeon)

   It warps and distorts space around it.
   Unwielding it can cause banishment or high damage.
   It affects your strength (-4).
   It insulates you from electricity.
   It affects your resistance to hostile enchantments.
 G - a +2 whip of freezing
 H - a +0 dagger of holy wrath
Missiles
 f - 71 arrows
 l - 190 stones (quivered)
 J - 59 bolts
 P - 67 sling bullets
Armour
 a - a +0 robe (worn)
 d - a +0 buckler
 p - the +2 cloak of the Thief (worn) {+Fog Slay-2 SInv Stlth+}
   (You found it on level 8 of the Dungeon)

   It affects your accuracy and damage with ranged weapons and melee attacks
   (-2).
   It lets you see invisible.
   It makes you more stealthy.
 t - a +2 cloak of invisibility
 F - a +0 helmet (worn)
Jewellery
 o - a +1 ring of evasion (left hand)
 A - a +3 ring of strength
 O - a ring of resist corrosion (right hand)
 Q - an amulet of magic regeneration (around neck)
Wands
 n - a wand of random effects (20)
Scrolls
 e - a scroll of enchant weapon {unknown}
 k - a scroll of holy word {unknown}
 m - 9 scrolls of remove curse
 q - 2 scrolls of fog
 v - 2 scrolls of magic mapping
 x - 2 scrolls of fear
 y - 3 scrolls of random uselessness {unknown}
 I - 2 scrolls of amnesia {unknown}
 K - 3 scrolls of vulnerability
 L - a scroll of noise {unknown}
Potions
 i - a potion of mutation
 w - 5 potions of flight
 z - a potion of curing
 M - a potion of resistance {unknown}
Books
 b - a Young Poisoner's Handbook

   Spells                             Type                      Level
   a - Sting                          Conjuration/Poison           1
   b - Poisonous Vapours              Poison/Air                   2
   c - Mephitic Cloud                 Conjuration/Poison/Air       3
   d - Olgreb's Toxic Radiance        Poison                       4
   e - Venom Bolt                     Conjuration/Poison           5
 g - a book of Minor Magic

   Spells                             Type                      Level
   a - Magic Dart                     Conjuration                  1
   b - Blink                          Translocation                2
   c - Call Imp                       Summoning                    2
   d - Slow                           Hexes                        2
   e - Conjure Flame                  Conjuration/Fire             3
   f - Mephitic Cloud                 Conjuration/Poison/Air       3
 u - a book of Misfortune

   Spells                             Type                      Level
   a - Confusing Touch                Hexes                        1
   b - Confuse                        Hexes                        3
   c - Gell's Gravitas                Translocation                3
   d - Petrify                        Transmutation/Earth          4
   e - Metabolic Englaciation         Hexes/Ice                    5
   f - Yara's Violent Unravelling     Hexes/Transmutation          5
Comestibles
 c - 12 rations


   Skills:
 + Level 5.3 Fighting
 + Level 4.1 Dodging
 - Level 3.0 Stealth
 + Level 7.6 Spellcasting
 + Level 6.9 Conjurations
 * Level 1.3 Translocations
 - Level 10.3 Poison Magic
 + Level 5.3 Evocations


You had 8 spell levels left.
You knew the following spells:

 Your Spells              Type           Power        Failure   Level  Hunger
a - Sting                 Conj/Pois      ####         1%          1    None
b - Poisonous Vapours     Pois/Air       ####..       1%          2    None
c - Mephitic Cloud        Conj/Pois/Air  ####....     1%          3    #......
d - Olgreb's Toxic Radia  Pois           #####...     1%          4    ###....
e - Magic Dart            Conj           ####         1%          1    None
f - Blink                 Tloc           N/A          9%          2    None
g - Conjure Flame         Conj/Fire      ###.....     2%          3    #......


Dungeon Overview and Level Annotations

Branches:
Dungeon (9/15)             Temple (1/1) D:4            Lair (0/6) D:8
    Orc: D:9-12

Altars:
Elyvilon
Gozag
Hepliaklqana
Makhleb
Nemelex Xobeh
Trog
Vehumet
Wu Jian
Yredelemnul
Zin

Annotations:
D:3 buskinjo's ghost, amateur DsFi
D:4 barbarian's ghost, amateur TrMo


Innate Abilities, Weirdness & Mutations

You cannot wear boots.
Your serpentine skin is tough. (AC +3)
You have supernaturally acute eyesight. (SInv)
Armour fits poorly on your strangely shaped body.
Your system is resistant to poisons. (rPois)
You cover ground very slowly.
You have a slow metabolism.
You can spit poison.
[You are very frail. (-20% HP)]
[You expend magic power (3 MP) to strengthen your wands.]


Message History

[Y]es or [N]o only, please.
Really unwield
D - the +2 mace of Articulation {distort, rElec MR++ Str-4}? [Y]es or [N]o only, please.
Really unwield
D - the +2 mace of Articulation {distort, rElec MR++ Str-4}? [Y]es or [N]o only, please.
Really unwield
D - the +2 mace of Articulation {distort, rElec MR++ Str-4}? [Y]es or [N]o only, please.
Really unwield
D - the +2 mace of Articulation {distort, rElec MR++ Str-4}? [Y]es or [N]o only, please.
Really unwield
D - the +2 mace of Articulation {distort, rElec MR++ Str-4}? [Y]es or [N]o only, please.
Really unwield
D - the +2 mace of Articulation {distort, rElec MR++ Str-4}? [Y]es or [N]o only, please.
Really unwield
D - the +2 mace of Articulation {distort, rElec MR++ Str-4}? [Y]es or [N]o only, please.
Really unwield
D - the +2 mace of Articulation {distort, rElec MR++ Str-4}?
Uppercase [Y]es or [N]o only, please.
Really unwield
D - the +2 mace of Articulation {distort, rElec MR++ Str-4}?
Space warps crazily around you!
You die...

## #..##
#...4## #.#
#@##
#...#35ยง##
##55...#
#...#.##
#.#...##
#...##..#
..#.. #...
..#####Z###.
.####.!#...#.


You could see an orange demon, a ynoxinul, 3 ufetubi and a stone giant skeleton.

Vanquished Creatures
  A two-headed ogre (D:8)
  An elephant (D:8)
  Joseph (D:7)
  A troll (D:8)
  Prince Ribbit (D:8)
  2 hippogriffs (D:7)
  A wraith (Ossuary)
  2 wyverns (D:8)
  A hungry ghost (D:7)
  A steam dragon (D:8)
  A black bear (D:7)
  An orc warrior (D:8)
  2 sky beasts
  4 ice beasts
  8 ogres
  A phantom (D:8)
  2 centaurs
  6 bullfrogs
  A scorpion (D:7)
  A bullfrog zombie (D:7)
  A crimson imp (D:6)
  A centaur zombie (D:7)
  A jelly (D:8)
  2 hounds
  2 orc priests
  4 orc wizards
  Crazy Yiuf (D:2)
  A bullfrog skeleton (D:5)
  2 centaur skeletons
  5 worker ants
  A mummy (Ossuary)
  A worker ant zombie (D:5)
  Robin (Temple)
  A howler monkey zombie (D:8)
  12 adders
  An ooze (D:1)
  A worm (D:2)
  4 dart slugs
  A leopard gecko (D:2)
  31 orcs
  6 giant cockroaches
  11 goblins
  12 hobgoblins
  16 jackals
  4 quokkas
  A ball python (D:1)
  A ball python skeleton (D:4)
  9 bats
  4 frilled lizards
  6 gnoll skeletons (Ossuary)
  A goblin zombie (D:6)
  4 kobolds
  5 kobold skeletons (Ossuary)
  2 leopard gecko skeletons
  13 orc skeletons (Ossuary)
  A quokka skeleton (D:4)
  7 rats
  A rat zombie (D:6)
  A fungus (D:2)
218 creatures vanquished.

Vanquished Creatures (others)
  A hornet zombie (D:7)
  A phantom (D:6)
  An orc skeleton (Ossuary)
  3 fungi (D:8)
  A plant (D:8)
7 creatures vanquished.

Grand Total: 225 creatures vanquished

Notes
Turn   | Place    | Note
-------+----------+-------------------------------------------
     0 | D:1      | komo4ek the Naga Venom Mage began the quest for the Orb.
     0 | D:1      | Reached XP level 1. HP: 15/15 MP: 3/3
   491 | D:1      | Reached XP level 2. HP: 19/22 MP: 3/5
   826 | D:1      | Reached XP level 3. HP: 16/28 MP: 1/6
  1504 | D:2      | Found a basalt altar of Yredelemnul.
  1509 | D:2      | Reached skill level 5 in Poison Magic
  1595 | D:2      | Reached XP level 4. HP: 24/36 MP: 2/7
  2600 | D:2      | Found a runed door.
  2607 | D:2      | Learned a level 2 spell: Poisonous Vapours
  2607 | D:2      | Noticed Crazy Yiuf
  2613 | D:2      | Killed Crazy Yiuf
  2613 | D:2      | Reached skill level 6 in Poison Magic
  2613 | D:2      | Reached XP level 5. HP: 32/42 MP: 2/9
  2953 | D:3      | Found an ornate altar of the Wu Jian Council.
  3157 | D:3      | Found a bloodstained altar of Trog.
  3217 | D:3      | Noticed buskinjo's ghost (amateur DsFi)
  3280 | D:3      | Found a burning altar of Makhleb.
  3741 | D:4      | Noticed an ogre
  3767 | D:4      | Learned a level 3 spell: Mephitic Cloud
  3772 | D:4      | Learned a level 4 spell: Olgreb's Toxic Radiance
  3801 | D:4      | Killed an ogre
  3801 | D:4      | Reached XP level 6. HP: 47/49 MP: 2/11
  3808 | D:4      | Reached skill level 7 in Poison Magic
  3830 | D:4      | Found a staircase to the Ecumenical Temple.
  3983 | D:4      | Found a radiant altar of Vehumet.
  3986 | D:4      | Became a worshipper of Vehumet
  4074 | D:4      | Noticed Robin
  4076 | D:4      | Noticed barbarian's ghost (amateur TrMo)
  4086 | Temple   | Entered the Ecumenical Temple
  4376 | Temple   | Killed Robin
  4446 | D:4      | Reached * piety under Vehumet
  4446 | D:4      | Offered knowledge of Magic Dart by Vehumet.
  4449 | D:4      | Learned a level 1 spell: Magic Dart
  5015 | D:4      | Reached XP level 7. HP: 55/55 MP: 6/12
  5035 | D:4      | Reached skill level 8 in Poison Magic
  5404 | D:5      | Entered Level 5 of the Dungeon
  5911 | D:5      | Reached skill level 1 in Fighting
  5911 | D:5      | Reached skill level 1 in Evocations
  5938 | D:5      | Reached XP level 8. HP: 64/64 MP: 4/14
  5969 | D:5      | Got a pitted mace
  6236 | D:5      | Identified the +2 mace of Articulation {distort, rElec MR++ Str-4} (You found it on level 5 of the Dungeon)
  6406 | D:6      | Reached skill level 5 in Conjurations
  6517 | D:6      | Found a sand-covered staircase.
  6525 | D:6      | Reached skill level 5 in Spellcasting
  6533 | Ossuary  | Entered an ossuary
  6533 | Ossuary  | Noticed a wraith
  6533 | Ossuary  | Noticed a wraith
  6533 | Ossuary  | Noticed a wraith
  6599 | Ossuary  | Reached ** piety under Vehumet
  6600 | Ossuary  | Offered knowledge of Shock by Vehumet.
  6608 | Ossuary  | Noticed a wraith
  6642 | Ossuary  | Killed a wraith
  7235 | D:7      | Reached XP level 9. HP: 64/76 MP: 7/17
  7251 | D:7      | Offered knowledge of Dazzling Spray by Vehumet.
  7445 | D:7      | Reached skill level 9 in Poison Magic
  7504 | D:7      | Noticed Joseph
  7537 | D:7      | Killed Joseph
  8562 | D:8      | Noticed Prince Ribbit
  8689 | D:8      | Noticed a two-headed ogre
  8745 | D:8      | Killed a two-headed ogre
  8745 | D:8      | Reached XP level 10. HP: 87/87 MP: 4/20
  9000 | D:8      | Reached skill level 10 in Poison Magic
  9594 | D:8      | Reached skill level 5 in Fighting
 10096 | D:8      | Reached skill level 5 in Evocations
 10163 | D:8      | Noticed an elephant
 10178 | D:8      | Reached *** piety under Vehumet
 10383 | D:8      | Found the +2 cloak of the Thief {+Fog Slay-2 SInv Stlth+}
 10390 | D:8      | Learned a level 2 spell: Blink
 10752 | D:8      | Killed an elephant
 11290 | D:8      | Reached skill level 1 in Translocations
 11313 | D:8      | Killed Prince Ribbit
 11365 | D:8      | Found a staircase to the Lair.
 11726 | D:8      | Learned a level 3 spell: Conjure Flame
 11956 | D:8      | Cast into level 2 of the Abyss (a distortion unwield)
 11976 | Abyss:2  | Noticed a kobold demonologist
 11987 | Abyss:2  | Noticed a bone dragon
 11997 | Abyss:2  | Noticed a rakshasa
 11998 | Abyss:2  | Noticed a tentacled starspawn
 12001 | Abyss:2  | Noticed a wretched star
 12030 | Abyss:2  | Noticed an orange demon
 12032 | Abyss:2  | Killed by a distortion unwield

Skill      XL: |  1  2  3  4  5  6  7  8  9 10 |
---------------+-------------------------------+-----
Poison Magic   | 5 6 7 8 9 10 | 10.3
Conjurations   | 2 3 4 5 6 |  6.9
Spellcasting   | 3 4 5 7 |  7.6
Fighting       | 1 3 4 5 |  5.3
Evocations     | 1 3 4 5 |  5.3
Dodging        | 2 3 4 |  4.1
Translocations | 1 |  1.3
Stealth        | |  3.0

Action                   |  1- 3 |  4- 6 |  7- 9 | 10-12 || total
-------------------------+-------+-------+-------+-------++-------
Melee: Whip              |    22 |    44 |       |       ||    66
       Mace              |       |       |   126 |    25 ||   151
 Fire: Hunting sling     |     4 |   158 |    54 |       ||   216
 Cast: Sting             |    44 |    95 |    71 |    50 ||   260
       Poisonous Vapours |       |     1 |    17 |    35 ||    53
       Mephitic Cloud    |       |     5 |    15 |     7 ||    27
       Magic Dart        |       |     8 |     2 |    30 ||    40
       Olgreb's Toxic Ra |       |     1 |     8 |     5 ||    14
       Blink             |       |       |       |    42 ||    42
       Conjure Flame     |       |       |       |     1 ||     1
 Abil: Spit Poison       |     9 |    10 |     5 |     6 ||    30
       Evoke Fog         |       |       |       |     1 ||     1
Evoke: Wand              |       |       |     8 |    15 ||    23
  Use: Scroll            |       |     6 |     2 |     9 ||    17
       Potion            |       |       |     4 |     7 ||    11
 Stab: Sleeping          |       |       |     2 |       ||     2
  Eat: Ration            |     1 |     3 |     4 |     2 ||    10
       Chunk             |       |     1 |       |       ||     1
Armor: Robe              |     3 |    62 |    65 |    65 ||   195
Dodge: Dodged            |    18 |    93 |   118 |    95 ||   324
Block: Buckler           |     5 |    21 |    27 |    17 ||    70
